Map: Acropolis LE

Players

Stephano

  • Race: Zerg Zerg
  • Spawn Location: 11:00

goblin - Winner!

  • Race: Protoss Protoss
  • Spawn Location: 5:00

Event: 2019 WCS Summer

VOD

Have the link to the VOD?

Description

Time

  • Played on: July 12, 2019, 9:08 a.m.
  • Length: 7:11

All games in this series

Show
View Real Time Build Order
Export as new Build Order

Stephano Zerg 

Build Orders: Hatch First 

Get SALT Encoding   

  12  0:01  Drone  
  13  0:12  Overlord  
  13  0:17  Drone  
  14  0:30  Drone x2  
  16  0:47  Hatchery  
  15  0:50  Drone  
  15  0:53  Drone  
  17  0:57  Drone  
  18  1:07  Extractor  
  17  1:12  Spawning Pool  
  17  1:15  Drone  
  17  1:18  Drone  
  18  1:28  Drone  
  19  1:38  Drone  
  20  1:49  Drone  
  21  1:59  Queen x2  
  21  2:00  Zergling x2  
  21  2:01  Overlord  
  26  2:10  Drone  
  26  2:11  Drone  
  28  2:23  Hatchery  
  28  2:26  Drone  
  28  2:27  Drone  
  29  2:34  Drone x2  
  31  2:43  Evolution Chamber, Queen  
  32  2:46  Overlord  
  32  2:49  Drone  
  33  2:53  Drone  
  33  2:55  Drone  
  35  3:04  Drone  
  36  3:06  Drone x3  
  36  3:08  Zerg Melee Weapons Level 1  
  36  3:09  Drone  
  36  3:11  Drone  
  41  3:13  Drone  
  41  3:19  Overlord  
  42  3:20  Drone  
  42  3:21  Drone  
  44  3:30  Overlord  
  44  3:32  Metabolic Boost  
  44  3:37  Drone x2  
  44  3:38  Drone x3  
  49  3:41  Queen  
  49  3:46  Queen  
  53  3:50  Overlord  
  53  3:52  Drone  
  53  3:53  Drone  
  55  3:56  Spore Crawler  
  55  3:57  Spore Crawler  
  55  4:00  Spore Crawler  
  55  4:02  Zergling x4  
  54  4:03  Zergling x2  
  54  4:05  Zergling x2  
  56  4:11  Zergling x6  
  56  4:12  Zergling x2  
  56  4:16  Zergling x6  
  56  4:17  Zergling x2  
  64  4:20  Queen  
  64  4:22  Overlord  
  66  4:27  Zergling x2  
  66  4:28  Zergling x4  
  66  4:31  Overlord  
  69  4:33  Overlord  
  69  4:36  Lair  
  69  4:43  Zergling x10  
  74  4:48  Spine Crawler  
  74  4:49  Zergling x4  
  74  4:51  Zergling x4  
  77  4:55  Zergling x6  
  80  5:01  Zergling x8  
  77  5:08  Zergling x6  
  77  5:14  Zergling x4  
  76  5:16  Baneling Nest  
  76  5:18  Zergling x6  
  76  5:19  Zergling x2, Spine Crawler  
  78  5:25  Zergling x4  
  80  5:33  Zergling x8  
  73  5:39  Zergling x4  
  64  5:45  Zergling x8  
  64  5:49  Queen x2  
  62  5:51  Zergling x8  
  65  5:59  Zergling x10  
  65  6:01  Baneling x3  
  65  6:03  Baneling x3  
  65  6:04  Baneling  
  70  6:11  Zergling x8  
  70  6:17  Zergling x2  
  64  6:24  Queen  
  62  6:25  Zergling x2  
  62  6:26  Zergling x4  
  62  6:31  Zergling x4  
  60  6:36  Zergling x2  
  52  6:43  Zergling x4  
  52  6:50  Zergling x2  
Show
View Real Time Build Order
Export as new Build Order

goblin Protoss - Winner!

Build Orders: 1 Gate Expand 

Get SALT Encoding   

  12  0:00  Probe  
  13  0:12  Probe  
  14  0:19  Pylon  
  14  0:24  Probe  
  15  0:33  Probe  
  15  0:40  Gateway  
  15  0:42  Probe  
  16  0:47  Assimilator  
  17  0:52  Probe  
  18  1:04  Probe  
  19  1:21  Nexus  
  19  1:23  Probe  
  20  1:33  Cybernetics Core  
  20  1:36  Probe  
  21  1:43  Assimilator  
  21  1:48  Probe  
  21  1:54  Pylon  
  22  1:58  Probe  
  23  2:02  Stalker  
  23  2:08  Probe  
  26  2:17  Probe  
  26  2:21  Robotics Facility  
  27  2:29  Probe  
  28  2:30  Warp Gate  
  28  2:31  Probe  
  28  2:33  Adept  
  31  2:39  Probe  
  31  2:41  Probe  
  33  2:49  Probe  
  33  2:52  Twilight Council  
  33  2:54  Probe  
  35  2:59  Immortal  
  40  3:19  Gateway  
  40  3:20  Charge  
  40  3:28  Warp Prism  
  42  3:43  Probe  
  42  3:46  Gateway x2  
  42  3:48  Gateway  
  42  3:55  Immortal, Gateway  
  42  4:07  Gateway  
  46  4:11  Gateway  
  46  4:14  Pylon  
  46  4:20  Pylon  
  46  4:26  Pylon  
  46  4:35  Pylon  
  46  4:37  Zealot  
  46  4:38  Zealot  
  50  4:41  Zealot x2  
  54  4:46  Pylon  
  54  4:56  Pylon  
  54  5:06  Zealot x2  
  54  5:07  Zealot  
  60  5:08  Zealot x3  
  60  5:11  Zealot x2  
  64  5:33  Zealot x4  
  64  5:34  Zealot x3  
  58  5:50  Zealot  
  58  5:54  Zealot x3  
  58  5:55  Zealot x2  
  62  5:59  Zealot  
  62  6:03  Zealot  
  50  6:19  Zealot x5  
  50  6:20  Zealot  
  54  6:27  Zealot x2  
  54  6:38  Zealot  
  50  6:40  Zealot x3  
  50  6:46  Zealot x2  
  58  6:51  Zealot  
  54  7:05  Zealot x3  
  54  7:06  Zealot  
Tags
 
Add a new tag
Caveats
  • Supply blocks, unpowered buildings, or Contaminate may cause inaccurate times.
  • Supply counts are checked every 10 seconds.